 Dungeon Crawl Stone Soup version 0.19.5 (webtiles) character file.

81 Inarius the Skirmisher (level 4, -8/41 HPs)
             Began as a Minotaur Fighter on May 1, 2017.
             Was an Initiate of Okawaru.
             Killed by nerve-wracking pain
             ... invoked by Grinder
              (13 damage)
             ... on level 3 of the Dungeon.
             The game lasted 00:03:39 (1197 turns).

Inarius the Skirmisher (Minotaur Fighter)           Turns: 1197, Time: 00:03:40

Health: -8/41      AC:  7    Str: 21    XL:     4   Next: 19%
Magic:  3/3        EV:  7    Int:  5    God:    Okawaru [......]
Gold:   61         SH:  9    Dex: 10    Spells: 0 memorised, 3 levels left

rFire  . . .     SeeInvis .     a - +0 long sword
rCold  . . .     Gourm    .     b - +0 scale mail
rNeg   . . .     Faith    .     c - +0 shield
rPois  .         Spirit   .     (helmet restricted)
rElec  .         Reflect  .     (no cloak)
rCorr  .         Harm     .     (no gloves)
MR     .....                    (no boots)
Stlth  ..........               (no amulet)
                                (no ring)
                                (no ring)

@: no status effects
A: retaliatory headbutt, horns 2
a: Renounce Religion


You were on level 3 of the Dungeon.
You worshipped Okawaru.
Okawaru was noncommittal.
You were not hungry.

You visited 1 branch of the dungeon, and saw 3 of its levels.

You collected 61 gold pieces.

Inventory:

Hand Weapons
 a - a +0 long sword (weapon)
Armour
 b - a +0 scale mail (worn)
 c - a +0 shield (worn)
Scrolls
 e - a scroll of fear {unknown}
 g - a scroll of amnesia {unknown}
 h - 6 scrolls of immolation
 j - a scroll of recharging {unknown}
 k - a scroll of remove curse {unknown}
Potions
 d - a potion of might
Comestibles
 f - a bread ration
 i - 2 chunks of flesh


   Skills:
 + Level 4.6 Fighting
 + Level 3.7 Long Blades
 + Level 4.0 Armour
 + Level 0.4 Dodging
 + Level 4.0 Shields


You had 3 spell levels left.
You didn't know any spells.

Dungeon Overview and Level Annotations

Branches:
Dungeon (3/15)

Altars:
Dithmenos
Hepliaklqana
Okawaru
Ru
Uskayaw
Vehumet

Annotations:
D:3 Grinder


Innate Abilities, Weirdness & Mutations

You reflexively headbutt those who attack you in melee.
You have a pair of horns on your head.


Message History

You block the hobgoblin's attack. The giant cockroach barely misses you.
You block the adder's attack.
You closely miss the adder.
The adder is lightly wounded.
The adder bites you. You block the hobgoblin's attack.
You block the giant cockroach's attack.
Grinder blinks!
Your shield and scale mail prevent you from hitting the adder.
The adder is lightly wounded.
The adder bites you but does no damage. You block the giant cockroach's attack.
You block the hobgoblin's attack. The adder bites you.
The giant cockroach bites you. Grinder hits you!
* * * LOW HITPOINT WARNING * * *
You writhe in agony.
* * * LOW HITPOINT WARNING * * *
You barely miss the giant cockroach. You block the adder's attack.
You block the hobgoblin's attack. You block the giant cockroach's attack.
The adder bites you but does no damage. Grinder gestures at you.
Pain shoots through your body!
You die...

#########
#..<5..$#
#...s@..#
#...gS..#
#.......#
#.......#
#.$.....#
.......###
#......ยง#
#.......#


You could see Grinder, an adder, a giant cockroach and a hobgoblin.

Vanquished Creatures
  A gnoll (D:1)
  2 adders
  An ooze (D:1)
  A worm (D:2)
  A leopard gecko (D:1)
  5 bats
  3 giant cockroaches
  10 goblins
  3 hobgoblins
  2 jackals (D:1)
  5 kobolds
  A quokka (D:2)
  A ball python (D:2)
  A frilled lizard (D:2)
  5 rats
42 creatures vanquished.

Notes
Turn   | Place    | Note
-------+----------+-------------------------------------------
     0 | D:1      | Inarius the Minotaur Fighter began the quest for the Orb.
     0 | D:1      | Reached XP level 1. HP: 19/19 MP: 0/0
   171 | D:1      | Reached XP level 2. HP: 27/27 MP: 1/1
   425 | D:1      | Reached XP level 3. HP: 34/34 MP: 2/2
   712 | D:2      | Found a shadowy altar of Dithmenos.
   712 | D:2      | Found a sacrificial altar of Ru.
   713 | D:2      | Found a hide-covered altar of Uskayaw.
   713 | D:2      | Found an iron altar of Okawaru.
   739 | D:2      | Became a worshipper of Warmaster Okawaru
   743 | D:2      | Found a radiant altar of Vehumet.
   743 | D:2      | Found a hazy altar of Hepliaklqana.
   831 | D:2      | Reached XP level 4. HP: 41/41 MP: 3/3
  1187 | D:3      | Noticed Grinder
  1197 | D:3      | Killed from afar by Grinder

Skill      XL: |  1  2  3 |
---------------+----------+-----
Fighting       | 4 |  4.6
Long Blades    | 3 |  3.7
Shields        | 4 |  4.0
Armour         | 4 |  4.0
Dodging        | |  0.4

Action                   |  1- 3 |  4- 6 || total
-------------------------+-------+-------++-------
Melee: Long sword        |    82 |    28 ||   110
       Headbutt          |    11 |     4 ||    15
  Use: Scroll            |     1 |       ||     1
  Eat: Chunk             |       |     1 ||     1
Armor: Scale mail        |    41 |    17 ||    58
Dodge: Dodged            |    32 |     6 ||    38
Block: Shield            |    52 |    31 ||    83
       Rpst.: Long sword |     7 |     1 ||     8
